Map: [TLMC19] Gold Dust

Players

LiquidClem (Clem) - Winner!

  • Race: Terran Terran
  • League: Grandmaster
  • Spawn Location: 9:00

ShoWTimE

  • Race: Protoss Protoss
  • League: Master
  • Spawn Location: 5:00

VOD

Have the link to the VOD?

Description

Time

  • Played on: Dec. 21, 2023, 1 p.m.
  • Length: 13:47
Show
View Real Time Build Order
Export as new Build Order

LiquidClem Terran - Winner!

Build Orders: Reaper Expand 

Get SALT Encoding   

  12  0:01  SCV  
  13  0:13  SCV  
  14  0:17  Supply Depot  
  14  0:25  SCV  
  15  0:39  SCV  
  15  0:41  Barracks  
  16  0:44  Refinery  
  16  0:51  SCV  
  17  1:03  SCV  
  18  1:15  SCV  
  19  1:27  Reaper  
  19  1:29  Orbital Command  
  20  1:42  Command Center  
  20  1:48  Supply Depot  
  20  1:54  SCV  
  20  1:59  Marine  
  22  2:06  SCV  
  23  2:09  Factory  
  23  2:15  Bunker  
  23  2:18  Marine  
  23  2:21  SCV  
  25  2:25  Refinery  
  25  2:33  SCV  
  26  2:37  Barracks Reactor  
  26  2:45  SCV  
  27  2:53  Hellion  
  27  2:54  Orbital Command  
  27  2:57  Starport  
  29  3:00  SCV  
  30  3:12  SCV  
  31  3:14  Marine x2, Cyclone  
  35  3:21  Supply Depot  
  35  3:22  SCV  
  36  3:29  SCV  
  37  3:34  Marine  
  37  3:35  Marine  
  37  3:37  Medivac  
  37  3:39  SCV  
  43  3:41  SCV  
  43  3:47  Widow Mine  
  43  3:48  Barracks  
  45  3:52  SCV  
  45  3:55  SCV  
  47  3:56  Marine x2  
  47  4:00  Barracks  
  49  4:04  SCV  
  49  4:07  SCV  
  49  4:08  Supply Depot  
  51  4:12  Starport Tech Lab, Factory Tech Lab  
  51  4:15  Marine x2  
  51  4:17  SCV  
  53  4:20  SCV  
  53  4:22  Engineering Bay  
  54  4:24  Refinery  
  54  4:30  Raven, SCV  
  57  4:32  SCV  
  57  4:35  Marine  
  57  4:38  Siege Tank  
  62  4:42  Supply Depot  
  62  4:49  SCV, Marine  
  62  4:50  Supply Depot  
  62  4:56  Bunker  
  62  5:03  Marine  
  62  5:04  SCV x2  
  65  5:08  Marine x2  
  65  5:10  Siege Tank  
  68  5:14  Stimpack  
  68  5:16  SCV x2, Marauder  
  69  5:22  Terran Infantry Weapons Level 1  
  69  5:23  Supply Depot, Marine  
  69  5:28  SCV  
  70  5:29  SCV  
  70  5:31  Supply Depot  
  70  5:34  Refinery  
  71  5:37  Marauder  
  71  5:40  SCV  
  71  5:41  SCV  
  75  5:49  Marine x2, Marauder  
  79  5:51  Factory Reactor  
  79  5:52  SCV  
  79  5:53  Supply Depot, SCV  
  79  5:55  Combat Shield  
  81  6:00  Marauder  
  82  6:05  SCV  
  82  6:10  Starport Reactor, Marine x2  
  84  6:16  Marauder  
  85  6:20  Command Center  
  85  6:22  Supply Depot, Marauder  
  86  6:28  Supply Depot, Widow Mine x2  
  86  6:30  Marine x2  
  92  6:38  SCV x2, Marauder  
  96  6:46  Missile Turret, Medivac  
  100  6:48  Marauder  
  100  6:50  Supply Depot, Marine x2  
  103  6:56  Widow Mine x2  
  103  6:58  SCV  
  103  7:00  SCV, Marauder  
  109  7:05  Medivac  
  108  7:11  Marine x2  
  108  7:12  Supply Depot  
  108  7:14  SCV x2, Concussive Shells  
  108  7:15  Marauder  
  114  7:23  Terran Infantry Armor Level 1  
  114  7:26  Barracks, Marauder  
  114  7:27  Barracks  
  114  7:28  Factory Reactor  
  116  7:30  Supply Depot  
  116  7:31  SCV x2  
  118  7:39  Marauder  
  118  7:42  Marine x2  
  118  7:43  SCV  
  123  7:45  SCV  
  123  7:48  Marauder  
  124  7:52  Medivac  
  124  7:55  SCV, Medivac  
  124  7:57  SCV  
  128  8:00  Ghost Academy  
  128  8:01  Marauder  
  130  8:05  Orbital Command  
  130  8:07  SCV  
  130  8:09  SCV  
  136  8:12  Widow Mine  
  136  8:13  Widow Mine  
  136  8:17  Barracks Tech Lab  
  136  8:18  Supply Depot  
  136  8:19  Barracks Tech Lab  
  136  8:21  Marine x2, Barracks Reactor  
  136  8:23  SCV x2  
  140  8:32  SCV  
  140  8:33  Marauder  
  143  8:34  Supply Depot  
  143  8:35  SCV x2  
  143  8:37  Refinery  
  143  8:39  Refinery  
  142  8:42  Medivac x2  
  142  8:44  SCV  
  142  8:46  Ghost  
  142  8:47  SCV  
  147  8:51  Bunker  
  147  8:52  Supply Depot  
  146  8:56  Ghost, Widow Mine x2  
  146  8:58  Marine x2  
  146  9:01  Marine  
  146  9:02  SCV  
  149  9:04  Marine  
  149  9:08  Armory  
  149  9:09  Engineering Bay  
  150  9:13  Ghost  
  152  9:21  Medivac x2  
  152  9:22  Marine  
  152  9:23  Marine x3  
  156  9:25  Ghost  
  156  9:31  Ghost  
  156  9:37  Widow Mine x2  
  148  9:40  Marine  
  148  9:42  Ghost  
  146  9:46  Marine x2  
  146  9:47  Marine  
  146  9:50  SCV  
  146  9:51  SCV  
  146  9:52  SCV, Command Center  
  142  9:53  Ghost  
  142  9:59  Terran Infantry Weapons Level 2  
  142  10:01  Sensor Tower  
  142  10:08  SCV  
  142  10:09  Bunker  
  142  10:10  Marine x2  
  142  10:11  Marine x2  
  148  10:14  SCV, Widow Mine x2  
  148  10:18  Medivac x2  
  151  10:22  Ghost  
  143  10:29  Marine x2  
  143  10:32  Marine  
  143  10:33  Marine, Marauder x2  
  151  10:37  Widow Mine  
  151  10:42  Barracks  
  153  10:43  Barracks  
  153  10:44  Supply Depot, Barracks  
  153  10:49  Marine x2  
  155  10:50  Ghost  
  155  10:54  Marine x2  
  155  10:55  Missile Turret, Terran Infantry Armor Level 2  
  158  10:57  SCV  
  158  10:58  SCV, Marauder  
  158  11:01  Marauder  
  164  11:06  Marine  
  164  11:08  Widow Mine x2  
  164  11:09  Marine  
  164  11:11  Medivac x2  
  172  11:14  Marine  
  172  11:17  Marine  
  162  11:25  Marauder x2  
  157  11:27  Planetary Fortress, Marine  
  157  11:28  SCV  
  157  11:29  SCV  
  157  11:30  SCV  
  156  11:36  Marine, Sensor Tower  
  156  11:37  Marine x2  
  156  11:38  Marauder  
  161  11:40  SCV  
  161  11:41  SCV, Medivac  
  161  11:44  Barracks Tech Lab x2  
  161  11:45  Barracks Tech Lab  
  161  11:46  Marine x2, Marauder, Widow Mine x2  
  173  11:51  Refinery x2  
  173  11:54  Marine x2  
  173  11:59  Marauder  
  177  12:05  Marauder  
  177  12:07  Viking  
  177  12:08  Widow Mine  
  177  12:09  Marauder  
  177  12:10  Viking  
  178  12:19  Widow Mine  
  167  12:23  Command Center  
  167  12:24  Marauder x2  
  167  12:26  Marine  
  167  12:28  Marine  
  168  12:33  Marine  
  147  12:38  Marine  
  128  12:45  Widow Mine  
  128  12:50  Marauder  
  125  12:54  Marine  
  125  12:56  Marine  
  126  13:03  Marine  
  124  13:14  Marauder  
  120  13:20  Widow Mine  
  120  13:26  Marine  
Show
View Real Time Build Order
Export as new Build Order

ShoWTimE Protoss 

Build Orders: 1 Gate Expand, Blink Stalkers 

Get SALT Encoding   

  12  0:00  Probe  
  13  0:12  Probe  
  14  0:18  Pylon  
  14  0:24  Probe (Chrono Boost)  
  15  0:36  Probe (Chrono Boost)  
  15  0:38  Gateway  
  16  0:45  Probe (Chrono Boost)  
  16  0:47  Assimilator  
  17  0:51  Probe  
  18  1:03  Probe  
  19  1:15  Probe  
  20  1:25  Cybernetics Core  
  20  1:34  Nexus  
  20  1:37  Probe  
  21  1:44  Pylon  
  21  1:49  Probe  
  21  1:53  Assimilator  
  22  2:00  Adept (Chrono Boost)  
  22  2:02  Probe  
  22  2:05  Warp Gate  
  25  2:14  Probe  
  26  2:22  Twilight Council  
  26  2:26  Probe  
  27  2:30  Stalker  
  29  2:38  Probe  
  30  2:45  Gateway  
  30  2:46  Probe (Chrono Boost)  
  32  2:55  Blink (Chrono Boost)  
  32  2:56  Probe (Chrono Boost)  
  32  2:58  Probe (Chrono Boost)  
  33  3:03  Probe x2 (Chrono Boost)  
  35  3:14  Probe x2  
  35  3:17  Robotics Facility  
  37  3:26  Probe x2  
  39  3:30  Gateway  
  39  3:35  Gateway  
  39  3:38  Probe x2  
  41  3:42  Pylon  
  41  3:50  Probe  
  41  3:55  Stalker x2  
  46  4:00  Probe  
  46  4:02  Probe  
  48  4:04  Warp Prism (Chrono Boost)  
  50  4:12  Pylon  
  50  4:28  Assimilator  
  50  4:30  Stalker x4  
  58  4:34  Pylon  
  58  4:36  Probe x2  
  60  4:56  Observer  
  60  4:59  Stalker x3  
  67  5:00  Stalker  
  69  5:13  Probe  
  70  5:18  Pylon  
  70  5:21  Pylon  
  70  5:28  Charge  
  70  5:31  Nexus  
  70  5:36  Probe x2  
  70  5:39  Gateway  
  70  5:40  Forge  
  72  5:48  Probe  
  73  5:52  Probe  
  73  5:53  Gateway  
  73  5:54  Gateway  
  74  6:00  Probe  
  74  6:04  Probe  
  74  6:12  Probe  
  74  6:14  Gateway  
  74  6:16  Gateway, Probe  
  76  6:18  Pylon  
  76  6:19  Protoss Ground Weapons Level 1 (Chrono Boost)  
  76  6:23  Observer  
  76  6:24  Probe  
  75  6:28  Probe  
  75  6:29  Sentry x2  
  75  6:30  Zealot x2  
  84  6:34  Pylon  
  84  6:36  Probe  
  84  6:38  Pylon  
  85  6:40  Probe  
  85  6:46  Immortal (Chrono Boost)  
  86  6:48  Probe  
  86  6:50  Probe  
  90  6:59  Observer  
  90  7:02  Sentry  
  90  7:03  Zealot x6  
  100  7:13  Zealot x2  
  104  7:21  Nexus  
  104  7:22  Pylon  
  104  7:25  Observer  
  104  7:29  Stalker x3  
  110  7:34  Photon Cannon  
  110  7:36  Zealot  
  112  7:39  Zealot x2  
  116  7:57  Zealot x5  
  116  7:58  Zealot x2, Protoss Ground Weapons Level 2 (Chrono Boost)  
  128  8:01  Probe x2, Photon Cannon  
  131  8:13  Probe x2  
  131  8:15  Observer  
  131  8:18  Pylon  
  131  8:19  Pylon  
  133  8:25  Pylon  
  133  8:33  Stalker x3, Observer, Probe x2  
  133  8:34  Zealot x3  
  147  8:36  Zealot  
  147  8:37  Zealot  
  151  8:42  Zealot  
  151  8:45  Probe x3  
  151  8:46  Probe  
  158  8:50  Observer  
  158  8:56  Pylon  
  158  8:57  Probe x2  
  158  8:58  Probe  
  135  9:06  Zealot x8  
  149  9:12  Zealot  
  151  9:17  Nexus  
  151  9:18  Probe  
  151  9:19  Probe x3  
  155  9:30  Probe  
  155  9:31  Probe  
  124  9:41  Zealot x9  
  112  9:55  Probe  
  112  9:56  Probe x3  
  114  10:00  Gateway  
  114  10:01  Gateway  
  114  10:04  Gateway  
  114  10:05  Gateway  
  113  10:08  Stalker x7, Observer (Chrono Boost)  
  113  10:10  Zealot  
  113  10:13  Zealot  
  116  10:31  Zealot x3  
  116  10:32  Zealot x5, Observer  
  116  10:33  Probe x3  
  116  10:34  Probe  
  135  10:43  Zealot  
  135  10:45  Probe  
  135  10:46  Probe x2  
  140  10:53  Zealot x8  
  156  10:57  Stalker x2  
  156  11:03  Stalker x2  
  138  11:20  Stalker x5  
  138  11:21  Zealot x6  
  133  11:34  Zealot x2  
  133  11:37  Observer  
  130  11:43  Zealot x9  
  130  11:44  Zealot x2  
  146  12:04  Nexus  
  140  12:08  Zealot x7  
  140  12:09  Zealot x6  
  148  12:29  Stalker x4  
  131  12:37  Zealot x6  
  122  12:51  Zealot x3  
  121  12:57  Zealot x2  
  121  12:58  Zealot x6  
  94  13:14  Zealot  
  81  13:20  Stalker  
Tags
 
Add a new tag
Caveats
  • Supply blocks, unpowered buildings, or Contaminate may cause inaccurate times.
  • Supply counts are checked every 10 seconds.